 Dungeon Crawl Stone Soup version 0.28.0-45-g0d030f2227 (webtiles) character file.

Game seed: 1994854539488375403

33 psko the Conjurer (level 3, -1/16 HPs)
             Began as a Spriggan Conjurer on Apr 24, 2022.
             Killed by divine providence
             ... invoked by an orc priest
              (11 damage)
             ... on level 2 of the Dungeon.
             The game lasted 00:05:47 (1195 turns).

psko the Conjurer (Spriggan Conjurer)               Turns: 1195, Time: 00:05:48

Health: -1/16      AC:  2    Str:  5    XL:     3   Next: 12%
Magic:  4/8        EV: 17    Int: 19    God:
Gold:   101        SH:  0    Dex: 13    Spells: 6/7 levels left

rFire   . . .      SeeInvis +   d - staff of conjuration
rCold   . . .      Faith    .   (shield currently unavailable)
rNeg    . . .      Spirit   .   a - +0 robe
rPois   .          Reflect  .   (helmet restricted)
rElec   .          Harm     .   (no cloak)
rCorr   .          Rampage  .   (gloves unavailable)
Will    .....                   (boots unavailable)
Stlth   ++........              (no amulet)
HPRegen 0.05/turn               (no ring)
MPRegen 0.11/turn               (no ring)

@: very quick
A: very small, no large weapons, unfitting armour, see invisible, speed 3
a: no special abilities


You were on level 2 of the Dungeon.
You visited 1 branch of the dungeon, and saw 2 of its levels.

You collected 101 gold pieces.

Inventory:

Hand Weapons
 b - a +0 short sword
Armour
 a - a +0 robe (worn)
Magical Staves
 d - a staff of conjuration (weapon)
Scrolls
 c - a scroll of vulnerability {unknown}
 h - a scroll of acquirement {unknown}
 i - a scroll of silence {unknown}
Potions
 e - 2 potions of curing {unknown}
 f - a potion of berserk rage {unknown}
 g - 2 potions of heal wounds {unknown}


   Skills:
 + Level 0.1 Fighting
 + Level 0.1 Staves
 + Level 3.3 Dodging
 + Level 3.1 Stealth
 + Level 2.9 Spellcasting
 + Level 3.4 Conjurations


You had 6 spell levels left.
You knew the following spells:

 Your Spells              Type           Power      Damage    Failure   Level
a - Magic Dart            Conj           92%        1d7       3%          1

Your spell library contained the following spells:

 Spells                   Type           Power      Damage    Failure   Level
 Searing Ray              Conj           46%        2d6       5%          2
 Dazzling Flash           Conj/Hex       26%        N/A       22%         3
 Fulminant Prism          Conj/Hex       6%         3d7       58%         4
 Iskenderun's Mystic Bla  Conj/Tloc      13%        2d5       58%         4


Dungeon Overview and Level Annotations

Branches:
Dungeon (2/15)

Altars:

Shops:
D:1 (


Innate Abilities, Weirdness & Mutations

You are very small and have problems with some larger weapons.
You are too small for most types of armour.
You have supernaturally acute eyesight. (SInv)
You cover ground extremely quickly. (Speed+++)


Message History

You now have 101 gold pieces (gained 6).
Found a stone staircase leading down. 2 orc priests come into view.
Casting: Magic Dart (safe; 3% risk of failure)
Confirm with . or Enter, or press ? or * to list all spells.
Aiming: Magic Dart (safe; 3% risk of failure)
Press: ? - help, Shift-Dir - straight line, f - orc priest
Aim: an orc priest, wielding a +0 hand axe and wearing a +0 scale mail (asleep, 100% to hit)
You feel a surge of power!
The magic dart hits the orc priest but does no damage.
The orc priest shouts!
Casting: Magic Dart (safe; 3% risk of failure)
Confirm with . or Enter, or press ? or * to list all spells.
Aiming: Magic Dart (safe; 3% risk of failure)
Press: ? - help, Shift-Dir - straight line, f/p - orc priest
Aim: an orc priest, wielding a +0 hand axe and wearing a +0 scale mail (100% to hit)
You feel a surge of power!
The magic dart hits the orc priest but does no damage.
The orc priest shouts!
You hear a shout!
An orc comes into view. It is wielding a +0 whip.
The orc priest invokes the aid of Beogh against you.
Pain shoots through your body!
Casting: Magic Dart (safe; 3% risk of failure)
Confirm with . or Enter, or press ? or * to list all spells.
Aiming: Magic Dart (safe; 3% risk of failure)
Press: ? - help, Shift-Dir - straight line, f/p - orc priest
Aim: an orc priest, wielding a +0 hand axe and wearing a +0 scale mail (100% to hit)
You feel a surge of power!
The magic dart hits the orc priest but does no damage.
Casting: Magic Dart (safe; 3% risk of failure)
Confirm with . or Enter, or press ? or * to list all spells.
Aiming: Magic Dart (safe; 3% risk of failure)
Press: ? - help, Shift-Dir - straight line, f/p - orc priest
Aim: an orc priest, wielding a +0 hand axe and wearing a +0 scale mail (100% to hit)
You feel a surge of power!
The magic dart hits the orc priest.
The orc priest is moderately wounded.
The orc priest calls down the wrath of Beogh upon you.
Beogh smites you!
Ouch! That really hurt!
You die...

.#####.........#
...............#
.......>.......#
........o......
..###...........o.....#
................o.....#
......................#
................@.....#
..................#####
..................#
....#.............#####
......................#
.........#............#
.........#............#
#####....#............#
.## #....#............#


You could see 2 orc priests and an orc.

Vanquished Creatures
  An adder (D:2)
  2 giant cockroaches (D:1)
  2 hobgoblins
  2 jackals (D:1)
  A quokka (D:1)
  5 bats
  4 frilled lizards
  4 kobolds
  3 rats
24 creatures vanquished.

Notes
Turn   | Place    | Note
-------+----------+-------------------------------------------
     0 | D:1      | psko the Spriggan Conjurer began the quest for the Orb.
     0 | D:1      | Reached XP level 1. HP: 9/9 MP: 5/5
   195 | D:1      | Found Odaf's Weapon Shoppe.
   228 | D:1      | Reached XP level 2. HP: 13/13 MP: 0/6
   734 | D:2      | Reached XP level 3. HP: 6/16 MP: 1/8
  1126 | D:2      | Found a faded altar of an unknown god.
  1195 | D:2      | Killed from afar by an orc priest

Illustrated notes

Levels and vault maps discovered:
D:1:      amcnicky_arrival_single_pillar, layout_rooms, serial_shops,
          nicolae_shop_bloodbath_and_beyond
D:2:      layout_basic, shapermc_ecumenical_altar_starsandcircs, minivault_11

Skill      XL: |  1  2 |
---------------+-------+-----
Conjurations   | 3 |  3.4
Dodging        | 3 |  3.3
Fighting       | |  0.1
Staves         | |  0.1
Stealth        | |  3.1
Spellcasting   | |  2.9

Action                   || total
-------------------------++-------
Melee: Staff             ||    10
 Cast: Magic Dart        ||    43
Armor: Robe              ||     3
Dodge: Dodged            ||    14
